 Dungeon Sprint DCSS version 0.32-a0-898-g7811c86cf0 (webtiles) character file.

Game seed: 16300034444564846542

280 Griffin23 the Carver (level 8, 0/79 HPs)
             Began as a Minotaur Fighter on Apr 4, 2024.
             Was a Believer of Okawaru.
             Slain by an anaconda (11 damage)
             ... in the Dungeon (Sprint VI: "Thunderdome").
             The game lasted 00:06:07 (787 turns).

Griffin23 the Carver (Minotaur Fighter)              Turns: 787, Time: 00:06:07

Health: 0/79       AC:  9    Str: 24    XL:     8   Next: 23%
Magic:  7/7        EV:  0    Int:  5    God:    Okawaru [**....]
Gold:   150        SH:  5    Dex:  9    Spells: 7/7 levels left

rFire   . . .        d - +0 demon blade
rCold   . . .        c - +0 buckler
rNeg    . . .        b - +0 scale mail
rPois   .            (helmet restricted)
rElec   .            (no cloak)
rCorr   .            (no gloves)
SInv    .            (no boots)
Will    .....        (no amulet) Stlth
                     (no ring)
HPRegen 0.33/turn    (no ring)
MPRegen 0.10/turn

%: no teleportation
@: constricted
A: horns 2, retaliatory headbutt
a: Renounce Religion, Heroism


You were in the Dungeon.
You worshipped Okawaru.
Okawaru was pleased with you.
You visited 1 branch You collected 600 gold pieces.
You spent 450 gold pieces at shops.

Inventory:

Hand Weapons
 a - a +0 long sword
 d - a +0 demon blade (weapon)
Armour
 b - a +0 scale mail (worn)
 c - a +0 buckler (worn)
Wands
 l - a wand of acid (2)
 m - a wand of iceblast (4)
Scrolls
 j - 4 scrolls of blinking
 n - 3 scrolls of fog
Potions
 g - 4 potions of haste
 h - 2 potions of magic
 i - a potion of berserk rage
 k - a potion of resistance


   Skills:
 + Level 10.3 Fighting
 * Level 12.9 Long Blades
 + Level 11.3 Armour
 + Level 3.8 Dodging
 + Level 0.4 Stealth
 + Level 9.7 Shields
 + Level 1.4 Evocations


You had 7 spell levels left.
You didn't know any spells.
Your spell library was empty.

Dungeon Overview and Level Annotations

Branches:
Dungeon (1/1)

Altars:
Cheibriados
Dithmenos
Fedhas
Gozag
Kikubaaqudgha
Makhleb
Okawaru
Qazlal
Ru
Sif Muna
Trog
Uskayaw
Vehumet
Wu Jian
Xom
Yredelemnul
Zin
The Shining One
Beogh
Lugonu

Shops:
D *[=??*?*:[((!!!!


Innate Abilities, Weirdness & Mutations

You have a pair of horns on your head.
You reflexively headbutt those who attack you in melee.


Message History

The anaconda constricts you.
* * * LOW HITPOINT WARNING * * *
You slash the anaconda!
The anaconda is severely wounded.
The anaconda bites you but does no damage.
The anaconda constricts you.
* * * LOW HITPOINT WARNING * * *
You feel much better. You block the anaconda's attack.
The anaconda constricts you.
The anaconda bites you but does no damage.
The anaconda constricts you.
You barely miss the anaconda. You headbutt the anaconda!
The anaconda is severely wounded.
The anaconda bites you. The anaconda constricts you.
* * * LOW HITPOINT WARNING * * *
You miss the anaconda. Your headbutt misses the anaconda.
The anaconda is severely wounded.
The anaconda bites you!
* * * LOW HITPOINT WARNING * * *
The anaconda constricts you.
* * * LOW HITPOINT WARNING * * *
You feel much better. The anaconda bites you!
* * * LOW HITPOINT WARNING * * *
The anaconda constricts you.
* * * LOW HITPOINT WARNING * * *
The anaconda bites you but does no damage.
The anaconda constricts you.
* * * LOW HITPOINT WARNING * * *
Aiming: Iceblast
Press: ? - help, Shift-Dir - straight line
Okay, then.
Aiming: Corrosive Bolt
Press: ? - help, Shift-Dir - straight line, f - anaconda
Aim: an anaconda (severely wounded, constricting you, 50% to hit)
Okay, then.
Okay, then.
You closely miss the anaconda.
The anaconda is severely wounded.
The anaconda bites you!
You die...

.......(..###(..###.....[....⌠#
........[....###.............##
##∩........ß.# #.ß........∩###
##∩___..)...###......___∩##
######.ß.........ß.######
#⌠..[........⌠# ###.........###
#_....S.._# #......@._#
#_......._# #∩.......∩#
##∩.....∩## ##.....## ##⌠⌠⌠##
#####


You could see an anaconda.

Vanquished Creatures
  2 wraiths (D)
  3 kobold brigands (D)
  A phantom (D)
  5 scorpions (D)
  6 wights (D)
  A killer bee (D)
  An adder zombie (D)
  3 kobolds (D)
  A quokka skeleton (D)
  A spectral quokka (D)
24 creatures vanquished.

Notes
Turn   | Place    | Note
-------+----------+-------------------------------------------
     0 | D        | Griffin23 the Minotaur Fighter began the quest for the Orb.
     0 | D        | Reached XP level 1. HP: 19/19 MP: 0/0
     1 | D        | Found a shimmering blue altar of Sif Muna.
     1 | D        | Found a basalt altar of Yredelemnul.
     2 | D        | Found an iron altar of Okawaru.
     3 | D        | Found a hide-covered altar of Uskayaw.
     3 | D        | Found a corrupted altar of Lugonu.
     4 | D        | Found Uceofuill's Distillery.
     4 | D        | Found a snail-covered altar of Cheibriados.
     4 | D        | Found a glowing silver altar of Zin.
     4 | D        | Found Deifa's Do-It-Yourself Clinic.
     5 | D        | Found Xaogue's Distillery.
     5 | D        | Found Figeasaq's Bottled Wisdom.
     5 | D        | Round 1.
     8 | D        | Noticed a wight
     9 | D        | Found a blossoming altar of Fedhas.
    17 | D        | Killed a wight
    18 | D        | Reached skill level 5 in Fighting
    18 | D        | Reached skill level 4 in Long Blades
    18 | D        | Reached skill level 5 in Armour
    18 | D        | Reached skill level 5 in Shields
    18 | D        | Reached XP level 2. HP: 5/30 MP: 1/1
    18 | D        | Reached XP level 3. HP: 6/37 MP: 2/2
    34 | D        | Became a worshipper of Warmaster Okawaru
    40 | D        | Found a roughly hewn altar of Beogh.
    41 | D        | Found a shimmering altar of Xom.
    42 | D        | Found a sacrificial altar of Ru.
    42 | D        | Found an ornate altar of the Wu Jian Council.
    42 | D        | Found Secs's Weapon Rack.
    42 | D        | Found Corhyav's Premium Goods.
    43 | D        | Found Qinuodow's Basic Armour.
    43 | D        | Found Bamam's Miscellaneous Merchandise.
    98 | D        | Found a bloodstained altar of Trog.
    99 | D        | Noticed a phantom
   101 | D        | Found a radiant altar of Vehumet.
   102 | D        | Found an opulent altar of Gozag.
   103 | D        | Found Dulit's Identification Station.
   110 | D        | Noticed a wight
   113 | D        | Killed a phantom
   114 | D        | Reached skill level 6 in Long Blades
   114 | D        | Reached XP level 4. HP: 37/45 MP: 3/3
   114 | D        | Found Koxoil's Advanced Armour.
   114 | D        | Found Vemofimn's Jewellery.
   114 | D        | Found a stormy altar of Qazlal.
   114 | D        | Found a glowing golden altar of the Shining One.
   114 | D        | Found Miylyulima's Timeless Talismans.
   119 | D        | Reached skill level 7 in Long Blades
   119 | D        | Reached XP level 5. HP: 36/52 MP: 4/4
   130 | D        | Found an ancient bone altar of Kikubaaqudgha.
   135 | D        | Found a burning altar of Makhleb.
   136 | D        | Found Kediet's Magic Scroll Shop.
   138 | D        | Found Gediadd's Magic Scroll Shop.
   138 | D        | Found Elesem's Must-Have Magic.
   139 | D        | Found a shadowy altar of Dithmenos.
   139 | D        | Found Erphoogob's Staff Store.
   142 | D        | Arena points: 14 (+14) [x2]
   198 | D        | Round 2.
   204 | D        | Reached * piety under Okawaru
   205 | D        | Reached skill level 8 in Long Blades
   205 | D        | Reached skill level 1 in Dodging
   205 | D        | Reached XP level 6. HP: 51/61 MP: 5/5
   217 | D        | Reached skill level 1 in Evocations
   229 | D        | Reached skill level 9 in Long Blades
   329 | D        | Reached skill level 10 in Long Blades
   329 | D        | Reached skill level 10 in Armour
   329 | D        | Reached XP level 7. HP: 52/70 MP: 6/6
   337 | D        | Arena points: 56 (+42) [x3]
   391 | D        | Round 3.
   490 | D        | Reached skill level 11 in Long Blades
   544 | D        | Reached ** piety under Okawaru
   544 | D        | Arena points: 140 (+84) [x4]
   555 | D        | Round 4.
   686 | D        | Noticed a wraith
   686 | D        | Noticed a wraith
   687 | D        | Reached skill level 12 in Long Blades
   697 | D        | Killed a wraith
   698 | D        | Reached skill level 10 in Fighting
   698 | D        | Reached XP level 8. HP: 59/79 MP: 7/7
   704 | D        | Arena points: 280 (+140) [x5]
   716 | D        | Bought a +0 demon blade for 450 gold pieces
   732 | D        | Round 5.
   774 | D        | Noticed an anaconda
   787 | D        | Slain by an anaconda

Illustrated notes

Levels and vault maps discovered:
D:        arena_sprint

Skill      XL: |  1  2  3  4  5  6  7 |
---------------+----------------------+-----
Fighting       | 5 6 7 8 9 10 | 10.3
Long Blades    | 4 6 7 8 10 12 | 12.9
Armour         | 5 7 8 10 11 | 11.3
Shields        | 5 6 7 8 9 |  9.7
Dodging        | 1 2 3 |  3.8
Evocations     | 1 |  1.4
Stealth        | |  0.4

Action                     |  1- 3 |  4- 6 |  7- 9 || total
---------------------------+-------+-------+-------++-------
  Melee: Long sword        |    25 |    41 |    61 ||   127
         Headbutt          |     3 |    11 |    13 ||    27
         Demon blade       |       |       |     8 ||     8
  Evoke: Wand              |     2 |       |     2 ||     4
    Use: Potion            |     1 |       |     5 ||     6
 Armour: Scale mail        |    18 |    23 |    72 ||   113
  Dodge: Dodged            |     7 |    15 |    15 ||    37
  Block: Buckler           |     6 |     8 |    19 ||    33

Table legend: (Time is in decaauts)
 A = Elapsed time spent in this place.
 B = Non-inter-level travel time spent in this place.
 C = Inter-level travel time spent in this place.
 D = Time resting spent in this place.
 E = Time spent auto-exploring this place.
 F = Levels seen in this place.
 G = Mean time per level.
                   A        B        C        D        E       F      G
               +--------+--------+--------+--------+--------+-----+--------+
         Total |    798 |    798 |      0 |     88 |    296 |   1 |  798.0 |
       Dungeon |    798 |    798 |      0 |     88 |    296 |   1 |  798.0 |
               +--------+--------+--------+--------+--------+-----+--------+

Top non-repeatable levels by time:
       D: 798 daAuts
